 Dungeon Crawl Stone Soup version 0.23-a0-456-gc514d67198 (webtiles) character file.

1843 LostNumber the Chopper (level 8, -1/65 HPs)
             Began as a Mummy Fighter on Nov 25, 2018.
             Was an Initiate of Gozag.
             Slain by Prince Ribbit (11 damage)
             ... on level 7 of the Dungeon.
             The game lasted 00:16:38 (6947 turns).

LostNumber the Chopper (Mummy Fighter)              Turns: 6947, Time: 00:16:39

Health: -1/65      AC:  9    Str: 21    XL:     8   Next: 88%
Magic:  8/8        EV:  7    Int:  8    God:    Gozag
Gold:   681        SH: 10    Dex: 11    Spells: 7/7 levels left

rFire    x . .     SeeInvis .   n - +2 hand axe (freeze)
rCold    + . .     Gourm    .   c - +0 shield
rNeg     + + +     Faith    .   b - +0 scale mail
rPois    ∞         Spirit   .   d - +0 helmet
rElec    .         Reflect  .   (no cloak)
rCorr    .         Harm     .   m - +1 pair of gloves
MR       +....                  (no boots)
Stlth    ..........             (no amulet)
HPRegen  0.20/turn              (no ring)
MPRegen  0.11/turn              (no ring)

@: no status effects
A: no food or potions, fire vulnerability, cold resistance 1, negative energy
resistance 3, torment resistance, unbreathing
a: Potion Petition, Call Merchant, Bribe Branch, Renounce Religion


You were on level 7 of the Dungeon.
You worshipped Gozag.
Gozag was pleased with you.
You were not hungry.

You visited 2 branches of the dungeon, and saw 8 of its levels.
You also visited: Ossuary.

You collected 750 gold pieces.
You paid 69 gold pieces to Gozag.

Inventory:

Hand Weapons
 a - a +0 war axe
 n - a +2 hand axe of freezing (weapon)
Armour
 b - a +0 scale mail (worn)
 c - a +0 shield (worn)
 d - a +0 helmet (worn)
 m - a +1 pair of gloves (worn)
Jewellery
 o - an uncursed ring of ice
Wands
 g - a wand of iceblast (3)
Scrolls
 e - a scroll of identify
 f - 2 scrolls of teleportation
 h - 2 scrolls of fear {unknown}
 i - 2 scrolls of amnesia
 j - 2 scrolls of remove curse
 k - a scroll of enchant weapon {unknown}
 p - a scroll of fog
 q - 2 scrolls of immolation {unknown}


   Skills:
 + Level 6.4 Fighting
 * Level 7.0 Axes
 - Level 2.4 Armour
 + Level 5.3 Shields


You had 7 spell levels left.
You didn't know any spells.
Your spell library was empty.

Dungeon Overview and Level Annotations

Branches:
Dungeon (7/15)             Temple (1/1) D:5

Altars:
Ashenzari
Cheibriados
Dithmenos
Fedhas
Gozag
Hepliaklqana
Kikubaaqudgha
Makhleb
Okawaru
Qazlal
Ru
Sif Muna
Trog
Uskayaw
Vehumet
Wu Jian
Xom
Yredelemnul
Zin
The Shining One

Annotations:
D:3 1 runed door
D:4 Blork the orc, Menkaure
D:5 Pikel
D:7 1 runed door, Esekla's ghost, novice GnWn; Prince Ribbit


Innate Abilities, Weirdness & Mutations

You do not eat or drink.
Your flesh is vulnerable to fire.
You are immune to poison.
Your flesh is cold resistant. (rC+)
You are immune to negative energy. (rN+++)
You are immune to unholy pain and torment.
You can survive without breathing.


Message History

Prince Ribbit blinks!
You block Prince Ribbit's attack. Prince Ribbit closely misses you.
Prince Ribbit blinks!
Prince Ribbit hits you!
Unknown command.
Prince Ribbit hits you but does no damage.
You see here a +0 trident.
You see here a pair of gloves.
Prince Ribbit lets out a mournful croak.
Prince Ribbit hops awkwardly around.
You block Prince Ribbit's attack.
Esekla's ghost turns its malevolent gaze towards you.
Prince Ribbit croaks regally.
Prince Ribbit hits you!
* * * LOW HITPOINT WARNING * * *
You block Prince Ribbit's attack.
Prince Ribbit blinks!
You block Prince Ribbit's attack. Prince Ribbit hits you!
You die...
Your body crumbles into a pile of gold.

.###.###.#....####.........###...
...........[....>'.........+.....
.....###.#....####.........###...
.##### #...#..# ##.......## #.§.
.# #..###.# ##.....## #.## .##
#..###.# ##..### #... ..#
#......# ##.#.## #### #.#
##.######### #..+W.# #.# #.#
#..^@.###..#(## #.# #.#
#..(F......########## #.# #.#
#..##.###..o.[.)..... #.#
#.###..##.##.....######## ..#
#......##.###...## ###
#####.###.# ##.## #.....# #.# ##
####### #)# .## #.#


You could see Prince Ribbit and an orc.

Vanquished Creatures
  Eustachio (D:4)
  2 slaves
  An ogre (D:5)
  A necrophage (D:6)
  A centaur (D:3)
  3 bullfrogs (D:6)
  3 scorpions
  A howler monkey (D:7)
  A jelly (D:7)
  3 crimson imps
  2 human zombies (Ossuary)
  A centaur zombie (D:5)
  2 hounds
  2 bullfrog skeletons
  6 orc priests
  4 orc wizards
  A gnoll shaman (D:6)
  4 iguanas
  5 worker ants
  A hound zombie (D:6)
  2 mummies (Ossuary)
  A howler monkey zombie (D:6)
  A gnoll (D:1)
  5 adders
  A shadow imp (D:5)
  An ooze (D:1)
  An adder skeleton (D:6)
  An adder zombie (D:6)
  2 worms
  3 dart slugs
  3 leopard geckos
  12 orcs
  7 bats
  A giant cockroach (D:2)
  2 gnoll zombies (D:2)
  8 goblins
  6 hobgoblins
  12 jackals
  A quokka (D:6)
  A ball python zombie (D:6)
  4 frilled lizards
  3 goblin zombies (Ossuary)
  A hobgoblin zombie (Ossuary)
  2 kobold zombies (Ossuary)
  7 rats
133 creatures vanquished.

Vanquished Creatures (others)
  An ogre (D:6)
  An adder (D:6)
2 creatures vanquished.

Grand Total: 135 creatures vanquished

Notes
Turn   | Place    | Note
-------+----------+-------------------------------------------
     0 | D:1      | LostNumber the Mummy Fighter began the quest for the Orb.
     0 | D:1      | Reached XP level 1. HP: 18/18 MP: 1/1
   112 | D:1      | Reached skill level 2 in Axes
   112 | D:1      | Reached XP level 2. HP: 21/24 MP: 2/2
   340 | D:1      | Reached XP level 3. HP: 10/29 MP: 3/3
  1482 | D:2      | Reached XP level 4. HP: 32/35 MP: 4/4
  1519 | D:2      | Found a radiant altar of Vehumet.
  1530 | D:2      | Found a hazy altar of Hepliaklqana.
  1532 | D:2      | Found a shadowy altar of Dithmenos.
  1622 | D:2      | Found a basalt altar of Yredelemnul.
  1791 | D:3      | Noticed a centaur
  1806 | D:3      | Killed a centaur
  1806 | D:3      | Reached skill level 3 in Axes
  1806 | D:3      | Reached XP level 5. HP: 25/42 MP: 5/5
  2597 | D:3      | Found a runed door.
  2788 | D:4      | Noticed Eustachio
  2812 | D:4      | Noticed Blork the orc
  2883 | D:4      | Reached XP level 6. HP: 24/48 MP: 6/6
  2886 | D:4      | Killed Eustachio
  2886 | D:4      | Reached skill level 4 in Axes
  3058 | D:4      | Noticed Menkaure
  3093 | D:5      | Entered Level 5 of the Dungeon
  3146 | D:5      | Found a staircase to the Ecumenical Temple.
  3160 | D:5      | Reached XP level 7. HP: 23/55 MP: 7/7
  3165 | D:5      | Found Eqaofy's General Store.
  3168 | Temple   | Entered the Ecumenical Temple
  3379 | Temple   | Became a worshipper of Gozag Ym Sagoz the Greedy
  3533 | D:5      | Found a shattered altar of Ashenzari.
  3582 | D:5      | Noticed Pikel
  3844 | D:6      | Reached skill level 5 in Fighting
  3844 | D:6      | Reached skill level 5 in Axes
  4195 | D:6      | Found a shimmering altar of Xom.
  4398 | D:6      | Reached XP level 8. HP: 20/63 MP: 8/8
  4688 | D:6      | Reached skill level 6 in Axes
  5086 | D:5      | Found a stormy altar of Qazlal.
  5632 | D:7      | Reached skill level 5 in Shields
  5672 | D:7      | Found a sand-covered staircase.
  5677 | Ossuary  | Entered an ossuary
  6132 | D:7      | Found a runed door.
  6133 | D:7      | Found a shimmering altar of Xom.
  6133 | D:7      | Noticed Esekla's ghost (novice GnWn)
  6134 | D:7      | Noticed a +1 mace of chaos
  6491 | D:7      | Noticed Prince Ribbit
  6682 | D:7      | Reached skill level 7 in Axes
  6699 | D:7      | Found a sacrificial altar of Ru.
  6699 | D:7      | Found an iron altar of Okawaru.
  6947 | D:7      | Slain by Prince Ribbit

Vault maps used:
D:1:      lightli_arrival_windingriver
D:2:      minitemple, lemuel_zombie_altar_yredelemnul, minmay_fountain_box
D:3:      uniq_crazy_yiuf_cottage
D:4:      first_ration, uniq_blork_the_orc, uniq_eustachio, uniq_menkaure
D:5:      old_standard_altar, minmay_temple_entry_arrows, serial_shops, shop,
          evilmike_ruin_ashenzari, uniq_pikel
D:6:      xom_confusion_cloud
D:7:      gammafunk_temple_overflow_wave, ebering_ghost_xom, enter_ossuary_5,
          uniq_prince_ribbit1
Temple:   regret_index_temple_waves
Ossuary:  ossuary_crypta

Skill      XL: |  1  2  3  4  5  6  7  8 |
---------------+-------------------------+-----
Axes           | 2 3 4 5 7 |  7.0
Shields        | 3 4 5 |  5.3
Fighting       | 4 5 6 |  6.4
Armour         | |  2.4

Action                   |  1- 3 |  4- 6 |  7- 9 || total
-------------------------+-------+-------+-------++-------
Melee: War axe           |   103 |    65 |       ||   168
       Hand axe          |       |    66 |   358 ||   424
Invok: Potion Petition   |       |       |     1 ||     1
Evoke: Wand              |       |    13 |     5 ||    18
  Use: Scroll            |       |       |     9 ||     9
 Stab: Confused          |       |       |     2 ||     2
       Invisible         |       |       |     2 ||     2
Armor: Scale mail        |    38 |    63 |   107 ||   208
Dodge: Dodged            |    27 |    48 |    76 ||   151
Block: Shield            |    65 |    62 |   158 ||   285

Table legend:
 A = Non-vault XP
 B = Vault XP
 C = Vault XP percentage of total XP
 D = Non-vault monster count
 E = Vault monster count
 F = Vault count percentage of total count
                 A         B        C        D         E       F
            +---------+---------+-------+---------+---------+-------
      Total |    2055 |     579 |  22.0 |     114 |      17 |  13.0
            +---------+---------+-------+---------+---------+-------
        D:1 |      70 |       0 |   0.0 |      21 |       0 |   0.0
        D:2 |      43 |       3 |   6.5 |      17 |       2 |  10.5
        D:3 |     144 |       0 |   0.0 |       6 |       0 |   0.0
        D:4 |     137 |     197 |  59.0 |       7 |       1 |  12.5
        D:5 |     516 |       0 |   0.0 |      18 |       0 |   0.0
        D:6 |     633 |     252 |  28.5 |      30 |       4 |  11.8
        D:7 |     512 |       0 |   0.0 |      15 |       0 |   0.0
    Ossuary |       0 |     127 | 100.0 |       0 |      10 | 100.0
            +---------+---------+-------+---------+---------+-------
